 Dungeon Crawl Stone Soup version 0.20-a0-959-gdc9e609 (webtiles) character file.

202 CanOfBees the Chopper (level 5, -1/48 HPs)
             Began as a Hill Orc Fighter on Apr 6, 2017.
             Slain by a sky beast (2 damage)
             ... on level 4 of the Dungeon.
             The game lasted 00:05:17 (2898 turns).

CanOfBees the Chopper (Hill Orc Fighter)            Turns: 2898, Time: 00:05:18

Health: -1/48      AC:  6    Str: 20    XL:     5   Next: 80%
Magic:  5/5        EV:  7    Int:  8    God:
Gold:   168        SH:  9    Dex: 10    Spells: 4/4 levels left

rFire    . . .     SeeInvis .   a - +0 war axe
rCold    . . .     Gourm    .   c - +0 shield (curse)
rNeg     . . .     Faith    .   b - +0 scale mail
rPois    .         Spirit   .   (no helmet)
rElec    .         Reflect  .   (no cloak)
rCorr    .         Harm     .   (no gloves)
MR       .....                  (no boots)
Stlth    ..........             (no amulet)
Regen    0.2/turn               y - ring of flight
MPRegen  0.1/turn               (no ring)

@: no status effects
A: no striking features
a: Evoke Flight


You were on level 4 of the Dungeon.
You were hungry.

You visited 1 branch of the dungeon, and saw 4 of its levels.

You collected 168 gold pieces.

Inventory:

Hand Weapons
 a - a +0 war axe (weapon)
 l - a +1 short sword of electrocution
 o - a +6 club
Missiles
 r - 7 tomahawks (quivered)
 s - 3 needles of paralysis
Armour
 b - a +0 scale mail (worn)
 c - a cursed +0 shield (worn)
 n - +0 ice dragon scales
Jewellery
 y - a ring of flight (left hand)
Scrolls
 e - a scroll of recharging {unknown}
 h - a scroll of identify
 j - a scroll of teleportation {unknown}
 k - a scroll of enchant armour {unknown}
 t - 2 scrolls of immolation
 w - a scroll of magic mapping {unknown}
Potions
 d - a potion of might
 g - 2 potions of lignification {unknown}
 i - 2 potions of curing {unknown}
 p - a potion of haste {unknown}
 q - a potion of mutation {unknown}
 v - a potion of heal wounds {unknown}
Comestibles
 f - 2 bread rations
 m - a royal jelly
 u - a chunk of flesh
 x - 2 meat rations


   Skills:
 + Level 5.2 Fighting
 + Level 5.3 Axes
 + Level 2.2 Throwing
 - Level 3.2 Armour
 - Level 3.2 Shields


You had 4 spell levels left.
You didn't know any spells.

Dungeon Overview and Level Annotations

Branches:
Dungeon (4/15)
 Temple: D:4-7

Altars:
Fedhas
Nemelex Xobeh

Shops:
D:4 [


Message History

Something hits you. Something shocks you.
You slash something! You block something's attack.
You barely miss something. Something hits you. Something shocks you.
You block something's attack.
You completely miss something. Something hits you. Something shocks you.
Something hits you but does no damage.
You miss something. Something hits you but does no damage.
You are feeling hungry.
You miss something. You block something's attack.
You barely miss something.
Something hits you but does no damage. x2
You barely miss something. Something hits you but does no damage.
You miss something. Something hits you. Something shocks you.
* * * LOW HITPOINT WARNING * * *
Something hits you but does no damage.
You miss something. Something hits you.
* * * LOW HITPOINT WARNING * * *
Something shocks you.
* * * LOW HITPOINT WARNING * * *
You hit something. Something hits you.
You die...

...# ..# ### # # .##
##∩... ############
###......
.............###........
...............{@.#
...............####
..............##
..............#
..............#
.............##
.............#
#...........##
##..........#


There were no monsters in sight!

Vanquished Creatures
  2 hounds (D:2)
  Jessica (D:2)
  A gnoll (D:2)
  5 adders
  3 worms
  A leopard gecko (D:3)
  4 bats
  4 giant cockroaches
  8 goblins
  8 hobgoblins
  2 quokkas (D:3)
  2 frilled lizards (D:2)
  9 kobolds
  5 rats
55 creatures vanquished.

Notes
Turn   | Place    | Note
-------+----------+-------------------------------------------
     0 | D:1      | CanOfBees the Hill Orc Fighter began the quest for the Orb.
     0 | D:1      | Reached XP level 1. HP: 19/19 MP: 1/1
   277 | D:1      | Reached XP level 2. HP: 26/27 MP: 2/2
   448 | D:1      | You fall through a shaft!
   843 | D:2      | Reached XP level 3. HP: 34/34 MP: 3/3
  1203 | D:2      | Noticed Jessica
  1208 | D:2      | Found a blossoming altar of Fedhas.
  1214 | D:2      | Killed Jessica
  1214 | D:2      | Reached XP level 4. HP: 30/41 MP: 4/4
  1247 | D:2      | Reached skill level 1 in Throwing
  1843 | D:2      | Reached skill level 5 in Fighting
  1843 | D:2      | Reached XP level 5. HP: 24/48 MP: 5/5
  1859 | D:2      | Reached skill level 5 in Axes
  2324 | D:3      | Found a sparkling altar of Nemelex Xobeh.
  2882 | D:4      | Noticed a sky beast
  2885 | D:4      | Found Fieq's Antique Armour Shop.
  2897 | D:4      | HP: 1/48 [something (6)]
  2898 | D:4      | Slain by a sky beast

Vault maps used:
D:1:      lightli_arrival_flooded_house
D:2:      overflow_temple_1_default, cheibrodos_gnoll_hut, uniq_jessica
D:3:      nemelex_xobeh_ov_fountains_minmay, first_bread
D:4:      minmay_temple_entry_glassed_door, serial_shops, shop, shop_statue,
          nicolae_shop_behind_doors, nicolae_shop_stone, shop,
          nemelex_lonely_heart_becter, uniq_duvessa, uniq_robin

Skill      XL: |  1  2  3  4  5 |
---------------+----------------+-----
Axes           | 3 4 5 |  5.3
Fighting       | 4 5 |  5.2
Throwing       | 1 2 |  2.2
Armour         | |  3.2
Shields        | |  3.2

Action                   |  1- 3 |  4- 6 || total
-------------------------+-------+-------++-------
Melee: War axe           |    56 |   128 ||   184
Throw: Tomahawk          |       |     1 ||     1
  Use: Scroll            |       |     1 ||     1
  Eat: Chunk             |     1 |     5 ||     6
Armor: Scale mail        |    37 |    54 ||    91
Dodge: Dodged            |    17 |    46 ||    63
Block: Shield            |    23 |    58 ||    81
